 Dungeon Crawl Stone Soup version 0.30-a0-1043-g60ff8d5f49 (webtiles) character file.

Game seed: 16695696117278816556

158 DeathPants the Stinger (level 5, -18/60 (63) HPs)
             Began as a Naga Venom Mage on Apr 9, 2023.
             Demolished by Crazy Yiuf
             ... wielding a +2 quarterstaff of chaos
              (21 damage)
             ... on level 3 of the Dungeon.
             The game lasted 00:06:32 (2430 turns).

DeathPants the Stinger (Naga Venom Mage)            Turns: 2430, Time: 00:06:33

HP:   -18/60 (63)   AC:  3    Str: 13    XL:     5   Next: 39%
MP:   1/8           EV:  9    Int: 15    God:
Gold: 136           SH:  0    Dex: 11    Spells: 2/8 levels left

rFire   . . .      SeeInvis +    a - +0 rapier
rCold   . . .      Faith    .    (no shield)
rNeg    . . .      Spirit   .    e - +1 robe
rPois   +          Reflect  .    (no helmet)
rElec   .          Rampage  .    h - scarf {repulsion}
rCorr   .                        (no gloves)
Will    .....                    (no barding) Stlth
                                 (no amulet)
HPRegen 0.30/turn                (no ring)
MPRegen 0.11/turn                (no ring)

@: berserking, lightly drained, repel missiles, quick
A: AC +1, large, see invisible, deformed body, poison resistance, slowness 2,
spit poison 1, naga tail 1
a: Spit Poison


You were on level 3 of the Dungeon.
You visited 1 branch of the dungeon, and saw 4 of its levels.

You collected 136 gold pieces.

Inventory:

Hand Weapons
 a - a +0 rapier (weapon)
 b - a +0 flail
Missiles
 o - 2 poisoned darts
Armour
 e - a +1 robe (worn)
 h - a scarf of repulsion (worn)
Scrolls
 m - a scroll of fear {unknown}
 n - a scroll of teleportation
Potions
 c - a potion of curing
 d - a potion of heal wounds
 f - 3 potions of flight
 g - 2 potions of haste {unknown}
 i - a potion of degeneration {unknown}
 j - a potion of lignification {unknown}
 k - 2 potions of might {unknown}
 l - a potion of attraction {unknown}
 p - 2 potions of magic


   Skills:
 - Level 1.5 Dodging
 - Level 3.0 Stealth
 - Level 2.0 Spellcasting
 - Level 1.0 Transmutations
 + Level 3.5 Air Magic
 - Level 6.0 Poison Magic


You had 2 spell levels left.
You knew the following spells:

 Your Spells              Type           Power      Damage    Failure   Level
a - Sting                 Tmut/Pois      48%        1d5       5%          1
b - Poisonous Vapours     Pois/Air       30%        N/A       4%          2
c - Mephitic Cloud        Conj/Pois/Air  11%        N/A       19%         3

Your spell library contained the following spells:

 Spells                   Type           Power      Damage    Failure   Level
 Olgreb's Toxic Radiance  Pois           19%        N/A       19%         4
 Ozocubu's Armour         Ice            1%         N/A       54%         3
 Metabolic Englaciation   Hex/Ice        0%         N/A       99%         5
 Simulacrum               Ice/Necr       0%         N/A       100%        6


Dungeon Overview and Level Annotations

Branches:
Dungeon (4/15)
 Temple: D:4-7

Altars:

Shops:
D:1 [

Annotations:
D:3 Crazy Yiuf


Innate Abilities, Weirdness & Mutations

Your serpentine skin is tough. (AC +1)
You have supernaturally acute eyesight. (SInv)
Armour fits poorly on your strangely shaped body.
Your system is resistant to poisons. (rPois)
You cover ground very slowly.
You can spit poison.
You have a snake-like lower body.


Message History

Crazy Yiuf hits you with a +2 quarterstaff of chaos!
You feel drained.
Aiming: Sting (safe; 5% risk of failure)
Press: ? - help, Q - select action, (/) - cycle Shift-Dir - straight line, f/p - Crazy Yiuf
Aim: Crazy Yiuf, wielding a +2 quarterstaff of chaos and wearing a +0 cloak (lightly wounded, poisoned, 75% to hit)
The sting hits Crazy Yiuf but does no damage.
Crazy Yiuf looks even sicker.
Crazy Yiuf is lightly wounded.
Crazy Yiuf drinks a potion.
Crazy Yiuf goes berserk!
Aiming: Sting (safe; 5% risk of failure)
Press: ? - help, Q - select action, (/) - cycle Shift-Dir - straight line, f/p - Crazy Yiuf
Aim: Crazy Yiuf, wielding a +2 quarterstaff of chaos and wearing a +0 cloak (moderately wounded, berserk, very poisoned, 75% to hit)
The sting hits Crazy Yiuf.
Crazy Yiuf looks even sicker.
Crazy Yiuf is moderately wounded.
Crazy Yiuf closely misses you.
You hit Crazy Yiuf.
Crazy Yiuf is heavily wounded.
Crazy Yiuf closely misses you.
Crazy Yiuf hits you with a +2 quarterstaff of chaos!
You feel your power leaking away.
Aiming: Sting (safe; 5% risk of failure)
Press: ? - help, Q - select action, (/) - cycle Shift-Dir - straight line, f/p - Crazy Yiuf
Aim: Crazy Yiuf, wielding a +2 quarterstaff of chaos and wearing a +0 cloak (severely wounded, berserk, very poisoned, 75% to hit)
The sting hits Crazy Yiuf.
Crazy Yiuf looks as sick as possible!
Crazy Yiuf is severely wounded.
Crazy Yiuf closely misses you.
Crazy Yiuf hits you with a +2 quarterstaff of chaos!!
* * * LOW HITPOINT WARNING * * *
A red film seems to cover your vision as you go berserk!
You feel yourself moving faster!
You feel mighty!
You closely miss Crazy Yiuf.
Crazy Yiuf is severely wounded.
Crazy Yiuf hits you with a +2 quarterstaff of chaos.
* * * LOW HITPOINT WARNING * * *
Crazy Yiuf freezes you.
* * * LOW HITPOINT WARNING * * *
You barely miss Crazy Yiuf.
Crazy Yiuf is severely wounded.
Crazy Yiuf hits you with a +2 quarterstaff of chaos!!
You die...

......# ###)####
......# #......#
......# #....#.#
......# ########
......# ......#
......####♣♣ ###
......#.#..♣♣ ♣♣#)))#
#.###.......♣♣♣♣@g)).#
#.#####.....)♣))♣#)))#
........#..)♣)♣♣♣ ###
#.########♣♣♣♣♣ #.#
#.### #...# #<#.#
#)..#


You could see Crazy Yiuf (berserk, extremely poisoned).

Vanquished Creatures
  An orc priest (D:3)
  Jessica (D:3)
  Terence (D:1)
  Natasha (D:3)
  An adder (D:2)
  A dart slug (D:2)
  2 orcs (D:3)
  6 bats
  2 endoplasms (D:1)
  3 giant cockroaches
  4 goblins
  3 hobgoblins (D:1)
  5 kobolds
  A quokka (D:1)
  4 ball pythons
  2 frilled lizards (D:1)
  2 rats (D:1)
40 creatures vanquished.

Notes
Turn   | Place    | Note
-------+----------+-------------------------------------------
     0 | D:1      | DeathPants the Naga Venom Mage began the quest for the Orb.
     0 | D:1      | Reached XP level 1. HP: 15/15 MP: 3/3
    74 | D:2      | Noticed Terence
    86 | D:1      | Found a faded altar of an unknown god.
   137 | D:1      | Reached XP level 2. HP: 16/22 MP: 0/5
   140 | D:1      | Learned a level 2 spell: Poisonous Vapours
   437 | D:1      | Reached skill level 5 in Poison Magic
   621 | D:1      | Reached XP level 3. HP: 28/28 MP: 4/6
   623 | D:1      | Found Joceuta's Armour Boutique.
  1054 | D:1      | Killed Terence
  1055 | D:1      | Reached skill level 6 in Poison Magic
  1098 | D:1      | Learned a level 3 spell: Mephitic Cloud
  1103 | D:2      | Reached skill level 1 in Air Magic
  1174 | D:3      | Noticed Jessica
  1179 | D:3      | Killed Jessica
  1180 | D:3      | Reached XP level 4. HP: 36/36 MP: 1/7
  2089 | D:3      | Noticed Natasha
  2099 | D:3      | Killed Natasha
  2100 | D:3      | Reached XP level 5. HP: 15/42 MP: 1/8
  2419 | D:3      | Found a runed translucent door.
  2420 | D:3      | Noticed Crazy Yiuf
  2429 | D:3      | HP: 3/60 [Crazy Yiuf/+2 quarterstaff of chaos (1)]
  2430 | D:3      | Demolished by Crazy Yiuf

Illustrated notes

Levels and vault maps discovered:
D:1:      tarquinn_simple_flora_water_b, layout_loops_ring, serial_shops, shop,
          hellmonk_ecumenical_altar_run_dry, minmay_tromino_v4_c
D:2:      layout_basic, hangedman_decor_peaks_small, uniq_terence
D:3:      layout_loops_cross, mainiacjoe_overflow_boulevard,
          nicolae_overflow_two_pavilions, uniq_natasha, uniq_robin,
          uniq_jessica, uniq_ijyb, uniq_crazy_yiuf_cottage
D:4:      layout_basic, general_overflow_altar, minmay_temple_entry_offerings,
          serial_shops, kennysheep_little_box, serial_curves, eino_curves_03,
          eino_curves_04

Skill      XL: |  1  2  3  4 |
---------------+-------------+-----
Poison Magic   | 5 6 |  6.0
Air Magic      | 2 3 |  3.5
Dodging        | |  1.5
Stealth        | |  3.0
Spellcasting   | |  2.0
Transmutations | |  1.0

Action                     |  1- 3 |  4- 6 || total
---------------------------+-------+-------++-------
  Melee: Short sword       |    15 |       ||    15
         Rapier            |    34 |    26 ||    60
         Punch             |     3 |       ||     3
   Cast: Sting             |    32 |    19 ||    51
         Poisonous Vapours |     1 |     5 ||     6
    Use: Scroll            |     3 |     3 ||     6
         Potion            |     2 |       ||     2
   Stab: Sleeping          |     1 |     1 ||     2
 Armour: Robe              |    13 |     7 ||    20
  Dodge: Dodged            |    45 |    19 ||    64

Table legend: (Time is in decaauts)
 A = Elapsed time spent in this place.
 B = Non-inter-level travel time spent in this place.
 C = Inter-level travel time spent in this place.
 D = Time resting spent in this place.
 E = Time spent auto-exploring this place.
 F = Levels seen in this place.
 G = Mean time per level.
                   A        B        C        D        E       F      G
               +--------+--------+--------+--------+--------+-----+--------+
         Total |   3049 |   3000 |     49 |    117 |   2300 |   4 |  762.2 |
       Dungeon |   3049 |   3000 |     49 |    117 |   2300 |   4 |  762.2 |
               +--------+--------+--------+--------+--------+-----+--------+

Top non-repeatable levels by time:
     D:1: 1359 daAuts
     D:2: 1351 daAuts
     D:3: 337 daAuts
     D:4: 1 daAuts
